[Event "Early-Titled-Tuesday-Blitz-September-26-2023"]
[Site "Chess.com"]
[Date "2023.09.26"]
[Round "8"]
[White "CraiggoryC"]
[Black "DarZay"]
[Result "1-0"]
[WhiteElo "2249"]
[BlackElo "2202"]
[TimeControl "180+1"]
[EndTime "9:28:11 PDT"]
[Termination "CraiggoryC won by resignation"]

1. e4 c5 2. Nf3 Nc6 3. d4 cxd4 4. Nxd4 Nf6 5. Nc3 d6 6. Bc4 e5 7. Nf5 Bxf5 8. exf5 Nd4 9. Bg5 Be7 10. Bxf6 Bxf6 11.
Nd5 O-O 12. Ne3 Bg5 13. O-O Qd7 14. c3 Nxf5 15. Qg4 Bxe3 16. fxe3 Qc6 17. Rxf5 d5 18. Bb3 f6 19. Rd1 Rad8 20. Rxd5 Rxd5 21. e4 Qc5+ 22. Kh1 g6 23. Rf1 f5 24. Qd1 fxe4 25. Qxd5+ Qxd5 26. Bxd5+ Kg7 27. Rxf8 Kxf8 28. Bxe4 b6 29. Kg1 Ke7 30. Kf2 Kd6 31. Ke3 Kc5 32. b3 b5 33. h4 a5 34. h5 gxh5 35. Bxh7 a4 36. g3 axb3 37.
axb3 b4 38. cxb4+ Kxb4 39. Bg8 Kc3 40. Ke4 Kd2 41. Kxe5 Ke3 42. Bf7 h4 43. gxh4 1-0

[Event "Early-Titled-Tuesday-Blitz-September-26-2023"]
[Site "Chess.com"]
[Date "2023.09.26"]
[Round "8"]
[White "remi04"]
[Black "nikitakhoroshev"]
[Result "1-0"]
[WhiteElo "2839"]
[BlackElo "2685"]
[TimeControl "180+1"]
[EndTime "9:28:13 PDT"]
[Termination "remi04 won by resignation"]

1. c4 e5 2. Nc3 Nc6 3. Nf3 g6 4. d4 exd4 5. Nxd4 Bg7 6. Nxc6 bxc6 7. g3 Ne7 8. Bg2 O-O 9. O-O Bb7 10. Qc2 d5 11.
Rd1 Qd7 12. Bf4 Rfd8 13. Na4 Qc8 14. Nc5 Ba6 15. cxd5 Nxd5 16. Bg5 Rd6 17. e4 Nb4 18. Qa4 Rb8 19. e5 Bxe5 20. a3 Be2 21. Re1 Bxb2 22. axb4 Bxa1 23. Qxa1 Qg4 24. Ne4 Re8 25. Bh6 f6 26.
Nxf6+ Rxf6 27. Qxf6 Qd7 28. Rxe2 Qd1+ 29. Bf1 1-0

[Event "Early-Titled-Tuesday-Blitz-September-26-2023"]
[Site "Chess.com"]
[Date "2023.09.26"]
[Round "8"]
[White "TigranHH"]
[Black "DTChess"]
[Result "0-1"]
[WhiteElo "2264"]
[BlackElo "2600"]
[TimeControl "180+1"]
[EndTime "9:28:14 PDT"]
[Termination "DTChess won by resignation"]

1. d4 Nf6 2. c4 e6 3. Nf3 b6 4.
g3 Bb7 5. Bg2 g6 6. O-O Bg7 7.
Nc3 O-O 8. d5 exd5 9. cxd5 d6 10. e4 Re8 11. Re1 a5 12. h3 Na6 13. Bg5 Nc5 14. Qc2 h6 15. Be3 Ncxe4 16. Nxe4 Nxe4 17.
Bd4 Bxd4 18. Nxd4 Nc5 19. Qd2 Kg7 20. Rxe8 Qxe8 21. Re1 Qd8 22. h4 h5 23. Re3 Qd7 24. Qc3 Kg8 25. Nc6 Re8 26. Qf6 Rxe3 27. fxe3 Bxc6 28.
dxc6 Qe8 29. Kf2 Nd3+ 30. Ke2 Ne5 31. Bd5 Qc8 32. Kd2 Qa6 33. Qd8+ Kg7 34. Qxc7 Qd3+ 35. Kc1 Qxe3+ 36. Kc2 Qd3+ 37. Kc1 Qxd5 0-1

[Event "Early-Titled-Tuesday-Blitz-September-26-2023"]
[Site "Chess.com"]
[Date "2023.09.26"]
[Round "8"]
[White "Aariow"]
[Black "blitzking1729"]
[Result "0-1"]
[WhiteElo "2628"]
[BlackElo "2766"]
[TimeControl "180+1"]
[EndTime "9:28:15 PDT"]
[Termination "blitzking1729 won by resignation"]

1. d4 d5 2. c4 e6 3. Nc3 Nf6 4. Nf3 dxc4 5. e3 a6 6. a4 b6 7. Bxc4 Bb7 8. O-O Bb4 9. Qe2 O-O 10. Rd1 Qe7 11. Bd2 Nbd7 12. Be1 Rfd8 13. Rac1 Nf8 14. Ne5 Ng6 15. Nxg6 hxg6 16. f3 c5 17. Bf2 cxd4 18.
exd4 a5 19. Nb5 Nd5 20. Bxd5 Bxd5 21. Rc7 Rd7 22. Rdc1 Rad8 23. Rxd7 Rxd7 24. Rc8+ Rd8 25. Rc7 Qf6 26. Qe5 Bb3 27. Qe4 Bxa4 28. Na7 Qf5 29. Qxf5 gxf5 30. d5 Rxd5 31. Bxb6 Rd1+ 32. Kf2 Rd2+ 33.
Kg3 Bd6+ 0-1

[Event "Early-Titled-Tuesday-Blitz-September-26-2023"]
[Site "Chess.com"]
[Date "2023.09.26"]
[Round "8"]
[White "lefonghua"]
[Black "Evgeny81"]
[Result "0-1"]
[WhiteElo "2620"]
[BlackElo "2748"]
[TimeControl "180+1"]
[EndTime "9:28:15 PDT"]
[Termination "Evgeny81 won by resignation"]

1. d4 Nf6 2. c4 c5 3. d5 g6 4.
Nc3 Bg7 5. e4 d6 6. f4 O-O 7.
Nf3 Bg4 8. Be2 Na6 9. O-O Nc7 10.
h3 Bxf3 11. Bxf3 Rb8 12. a4 Na6 13. Re1 Nb4 14. e5 Nd7 15. e6 fxe6 16. dxe6 Nf6 17.
Nd5 Nfxd5 18. cxd5 c4 19. g4 Nd3 20. f5 gxf5 21. gxf5 Qb6+ 22. Be3 Bd4 23. Qd2 Rxf5 24.
Be4 Re5 25. Bxd4 Qxd4+ 26. Kh2 Rf8 27. Qg2+ Kh8 28. Bxd3 Rf2 29. Bf1 Rxg2+ 30. Bxg2 Rxe1 31.
Rxe1 Qxb2 32. Rf1 Qe5+ 33. Kh1 c3 34. Rf8+ Kg7 35. Rf7+ Kh6 36. Rxe7 c2 37. Rc7 Qe1+ 38. Kh2 c1=Q 0-1

[Event "Early-Titled-Tuesday-Blitz-September-26-2023"]
[Site "Chess.com"]
[Date "2023.09.26"]
[Round "8"]
[White "GMJustin"]
[Black "AndrewB92"]
[Result "0-1"]
[WhiteElo "2232"]
[BlackElo "2369"]
[TimeControl "180+1"]
[EndTime "9:28:17 PDT"]
[Termination "AndrewB92 won on time"]

1. d4 d5 2. c4 dxc4 3. Nf3 c5 4.
e3 cxd4 5. Bxc4 e6 6. exd4 Nf6 7. O-O Be7 8. Nc3 O-O 9. Bg5 a6 10. Ne5 b5 11. Qf3 Ra7 12. Bd3 Qxd4 13. Be3 Qxe5 14.
Bxa7 Nbd7 15. Rfe1 Qc7 16. Be3 Nc5 17. Bc2 Bb7 18.
Qg3 Bd6 19. Qh4 Rc8 20. Bg5 Ncd7 21. Rac1 h6 22. Bxf6 Nxf6 23. Nxb5 axb5 24. Bh7+ Kxh7 25. Rxc7 Rxc7 26. f3 Rc2 0-1

[Event "Early-Titled-Tuesday-Blitz-September-26-2023"]
[Site "Chess.com"]
[Date "2023.09.26"]
[Round "8"]
[White "MokshanovAlexey"]
[Black "BlueWizzard"]
[Result "0-1"]
[WhiteElo "2678"]
[BlackElo "2916"]
[TimeControl "180+1"]
[EndTime "9:28:19 PDT"]
[Termination "BlueWizzard won by resignation"]

1. e4 e6 2. d4 c5 3. c3 Be7 4. Nf3 d5 5. exd5 Qxd5 6. Be2 Nf6 7. Na3 O-O 8. Nb5 Qd8 9. dxc5 Nc6 10. Nd6 Qc7 11.
O-O Nd7 12. Be3 Nce5 13. Nxe5 Nxe5 14. b4 a5 15. Bf4 Ng6 16. Bg3 e5 17. Nc4 Be6 18.
Nb6 Rad8 19. Qc2 f5 20. f3 Kh8 21. Bc4 Bxc5+ 22. bxc5 Bxc4 23. Rfd1 Be6 24. Bf2 Nf4 25. Rxd8 Qxd8 26. Rd1 Qg5 27. g3 Nh3+ 28. Kf1 f4 29.
g4 Bxg4 30. fxg4 Qxg4 31. Rd6 Qf3 32. Ke1 e4 33. Qb3 0-1

[Event "Early-Titled-Tuesday-Blitz-September-26-2023"]
[Site "Chess.com"]
[Date "2023.09.26"]
[Round "8"]
[White "MatthewG-p4p"]
[Black "MidnightFox"]
[Result "1-0"]
[WhiteElo "2808"]
[BlackElo "2465"]
[TimeControl "180+1"]
[EndTime "9:28:20 PDT"]
[Termination "MatthewG-p4p won by resignation"]

1. f4 d5 2. Nf3 g6 3. g3 Bg7 4.
Bg2 c6 5. O-O Nh6 6. Nc3 Nf5 7.
d3 d4 8. Ne4 h5 9. Qe1 Nd7 10.
c3 Nf6 11. Nxf6+ Bxf6 12. e4 dxe3 13. Bxe3 Qxd3 14. Bf2 O-O 15. Ne5 Qb5 16. b4 Be6 17.
a4 Qa6 18. Nxg6 Bc4 19. Nxf8 Rxf8 20. Qe4 Nd6 21. Qf3 Be2 22. Qe3 Qc4 23. Rfe1 Bg4 24. Rac1 a6 25. h3 Be6 26. Qe2 Qxe2 27. Rxe2 Bb3 28. g4 hxg4 29. hxg4 e6 30. Bc5 Rd8 31.
Rd2 Bd5 32. Bxd6 Rxd6 33. c4 e5 34. cxd5 exf4 35. Bf3 cxd5 36. Rxd5 Bd4+ 37. Kf1 1-0

[Event "Early-Titled-Tuesday-Blitz-September-26-2023"]
[Site "Chess.com"]
[Date "2023.09.26"]
[Round "8"]
[White "ChainedDowntohell"]
[Black "GG91"]
[Result "1-0"]
[WhiteElo "2451"]
[BlackElo "2271"]
[TimeControl "180+1"]
[EndTime "9:28:22 PDT"]
[Termination "ChainedDowntohell won by checkmate"]

1. d4 d6 2. e4 Nf6 3. Nc3 g6 4. f4 Bg7 5. Nf3 O-O 6. Bd3 c6 7. O-O Qc7 8. h3 Nbd7 9. e5 Nd5 10. Nxd5 cxd5 11. Qe1 dxe5 12. fxe5 Nb6 13. Qh4 f6 14. Bh6 Bd7 15. Rae1 Rae8 16. c3 Nc4 17. Re2 b5 18. Bxg7 Kxg7 19. Rfe1 f5 20. e6 Bc6 21. Bxc4 dxc4 22. Ng5 Rh8 23. Nf7 Rhg8 24. Qh6+ Kf6 25. Qg5+ Kg7 26. Qh6+ Kf6 27. Re5 Be4 28. g4 Qc6 29.
g5# 1-0

[Event "Early-Titled-Tuesday-Blitz-September-26-2023"]
[Site "Chess.com"]
[Date "2023.09.26"]
[Round "8"]
[White "AleksandrAleksikov"]
[Black "Roedor"]
[Result "0-1"]
[WhiteElo "2219"]
[BlackElo "2344"]
[TimeControl "180+1"]
[EndTime "9:28:25 PDT"]
[Termination "Roedor won on time"]

1. e4 e5 2. Nf3 Nc6 3. c3 d5 4. Qa4 f6 5. Bb5 Ne7 6. exd5 Qxd5 7. d4 e4 8. c4 Qd6 9. c5 Qd8 10. Nfd2 f5 11. Nc3 Be6 12. Nb3 Kf7 13. Bg5 h6 14. Bxc6 hxg5 15. Bxb7 Rb8 16. c6 Nd5 17. Qxa7 Bb4 18. Rc1 e3 19. Nc5 exf2+ 20. Kxf2 Qd6 21.
Nxe6 Kxe6 22. Rce1+ Kf7 23. Re5 Nf4 24. Rxf5+ Kg6 25.
Rb5 Nd3+ 0-1

[Event "Early-Titled-Tuesday-Blitz-September-26-2023"]
[Site "Chess.com"]
[Date "2023.09.26"]
[Round "8"]
[White "Aygehovit1992"]
[Black "Zarinur"]
[Result "1-0"]
[WhiteElo "2703"]
[BlackElo "2525"]
[TimeControl "180+1"]
[EndTime "9:28:28 PDT"]
[Termination "Aygehovit1992 won on time"]

1. e4 c5 2. Nc3 a6 3. g4 b5 4. Bg2 Bb7 5. d3 e5 6. h4 h5 7. g5 Ne7 8. f4 exf4 9. Bxf4 Ng6 10. Bg3 Nc6 11. Nd5 Nce5 12. Nf3 Bxd5 13. exd5 Bd6 14.
Qe2 O-O 15. Nxe5 Nxe5 16. O-O-O Qc7 17. Qxh5 g6 18. Qe2 c4 19. Bxe5 Bxe5 20. d4 Bf4+ 21. Kb1 c3 22. h5 Qc4 23. Qxc4 bxc4 24. hxg6 fxg6 25. bxc3 Rab8+ 26. Ka1 Bxg5 27. d6 Rf2 28. Bd5+ Kg7 29. Bxc4 Bd2 30. Rh3 Rc8 31. Rd3 Rxc4 32.
R1xd2 Rxd2 33. Rxd2 g5 34. Kb2 g4 35. Rg2 1-0

[Event "Early-Titled-Tuesday-Blitz-September-26-2023"]
[Site "Chess.com"]
[Date "2023.09.26"]
[Round "8"]
[White "Incognito_Knight"]
[Black "MITerryble"]
[Result "0-1"]
[WhiteElo "2764"]
[BlackElo "2947"]
[TimeControl "180+1"]
[EndTime "9:28:29 PDT"]
[Termination "MITerryble won on time"]

1. b3 d5 2. Bb2 Bg4 3. f3 Bh5 4.
Nh3 f6 5. d4 Nc6 6. e3 a6 7.
Nc3 e6 8. Qd2 Qd7 9. O-O-O O-O-O 10. Kb1 Bf7 11. f4 Bg6 12. Bd3 Nb4 13. Bxg6 hxg6 14.
Ng1 Nh6 15. Nf3 Nc6 16. Qd3 Nb4 17. Qxg6 Nf5 18. Rhe1 Bd6 19. a3 Nc6 20. e4 dxe4 21. Nxe4 Nce7 22. Qf7 Nd5 23. Nxd6+ cxd6 24. Qxd7+ Kxd7 25. g3 Nde3 26. Rd3 Ng4 27. Re2 d5 28. c4 Rh3 29.
Rd1 Nd6 30. Rde1 Ne4 31. Nd2 Ngf2 32. Nxe4 Nxe4 33. f5 exf5 34. cxd5 Rdh8 35. Rf1 g6 36. g4 Rxh2 37. Rxh2 Rxh2 38. gxf5 Nd2+ 0-1

[Event "Early-Titled-Tuesday-Blitz-September-26-2023"]
[Site "Chess.com"]
[Date "2023.09.26"]
[Round "8"]
[White "Rozhkov_V"]
[Black "luizzy"]
[Result "1-0"]
[WhiteElo "2446"]
[BlackElo "2622"]
[TimeControl "180+1"]
[EndTime "9:28:30 PDT"]
[Termination "Rozhkov_V won by resignation"]

1. e4 e6 2. d4 d5 3. e5 c5 4.
c3 Qb6 5. Nf3 Nc6 6. a3 Nh6 7.
b4 cxd4 8. cxd4 Nf5 9. Be3 f6 10. b5 Na5 11. Bd3 Nxe3 12. fxe3 Bd7 13. Nc3 Nc4 14.
Bxc4 dxc4 15. O-O Be7 16. Rb1 O-O 17. Qe2 Rac8 18. exf6 Bxf6 19. Na4 Qd6 20. Nc5 b6 21. Ne4 Qxa3 22. Nxf6+ gxf6 23. Ra1 Qd3 24. Qf2 Rc7 25.
Qg3+ Qg6 26. Qxc7 Bxb5 27. Rxa7 c3 28. Ne5 Qh6 29. Ng4 Qg6 30. Nxf6+ Rxf6 31. Ra8+ Be8 32.
Rxf6 Qb1+ 33. Rf1 1-0

[Event "Early-Titled-Tuesday-Blitz-September-26-2023"]
[Site "Chess.com"]
[Date "2023.09.26"]
[Round "8"]
[White "Kotofeyca"]
[Black "NowInChess"]
[Result "1/2-1/2"]
[WhiteElo "2377"]
[BlackElo "2266"]
[TimeControl "180+1"]
[EndTime "9:28:33 PDT"]
[Termination "Game drawn by repetition"]

1. d4 Nf6 2. c4 c5 3. Nf3 g6 4. Nc3 Bg7 5. g3 O-O 6. Bg2 cxd4 7. Nxd4 Nc6 8. O-O Nxd4 9. Qxd4 d6 10. Qd2 Be6 11. b3 d5 12. cxd5 Nxd5 13. Bxd5 Bxd5 14.
Ba3 Bc6 15. Qxd8 Rfxd8 16. Rac1 Rd2 17. Bxe7 Re8 18. Bc5 Bxc3 19. Rxc3 Rxa2 20. e3 Rd8 21.
Bd4 h5 22. h4 Kh7 23. Rfc1 a6 24. b4 Re8 25. Rc5 Ra4 26. Rb1 Ra2 27. Kf1 Be4 28. Rbc1 Bc6 29. Rb1 Be4 30. Rbc1 Bc6 31. Rb1 1/2-1/2

[Event "Early-Titled-Tuesday-Blitz-September-26-2023"]
[Site "Chess.com"]
[Date "2023.09.26"]
[Round "8"]
[White "bennyficial"]
[Black "Austen48"]
[Result "0-1"]
[WhiteElo "2125"]
[BlackElo "2279"]
[TimeControl "180+1"]
[EndTime "9:28:34 PDT"]
[Termination "Austen48 won on time"]

1. Nf3 Nf6 2. c4 c5 3. g3 b6 4. Bg2 Bb7 5. O-O e6 6. Nc3 Be7 7. b3 O-O 8. Bb2 a6 9. d4 cxd4 10. Qxd4 Qc7 11. Rad1 d6 12. Nh4 Bxg2 13. Nxg2 Nbd7 14. Ne4 Ne8 15. Ne3 Nc5 16. Nxc5 dxc5 17.
Qf4 Qxf4 18. gxf4 Nf6 19. f5 Rfd8 20. Be5 Ne4 21. Bc7 Rxd1 22. Rxd1 Nc3 23. Rd7 Bf6 24.
Bxb6 Rc8 25. fxe6 fxe6 26. Ng4 Nxe2+ 27. Kf1 Nc3 28. Nxf6+ gxf6 29. Ra7 Nxa2 30. Rxa6 Nc1 31. Ra7 Nxb3 32. Re7 e5 33. Kg2 Nd2 34. Re6 Kf7 35. Rd6 Nxc4 36. Rd7+ Kg6 37. Rc7 Nxb6 0-1

[Event "Early-Titled-Tuesday-Blitz-September-26-2023"]
[Site "Chess.com"]
[Date "2023.09.26"]
[Round "8"]
[White "Raskolnikov6"]
[Black "Kielinkei"]
[Result "0-1"]
[WhiteElo "2332"]
[BlackElo "2485"]
[TimeControl "180+1"]
[EndTime "9:28:38 PDT"]
[Termination "Kielinkei won on time"]

1. c4 e5 2. g3 d6 3. Bg2 f5 4.
Nc3 Nf6 5. e3 Be7 6. Nge2 O-O 7.
d4 e4 8. h4 c5 9. Nf4 Nc6 10. b3 Ng4 11. Bb2 cxd4 12. exd4 e3 13. Bd5+ Kh8 14. fxe3 Nb4 15. Qd2 Nxe3 16. Bf3 Nec2+ 17.
Kf2 Nxa1 18. Bxa1 Bf6 19. a3 Nc6 20. Nce2 Re8 21. Bd5 Ne7 22. Bf3 Qb6 23. b4 a5 24.
c5 Qc7 25. Nc3 dxc5 26. bxc5 Bd7 27. Ncd5 Nxd5 28. Nxd5 Qd8 29. Nxf6 Qxf6 30. d5 Qf7 31. c6 bxc6 32. dxc6 Be6 33. Qc3 Rab8 34. Re1 Rb3 35. Qe5 Rxf3+ 36. Kxf3 Bd5+ 0-1

[Event "Early-Titled-Tuesday-Blitz-September-26-2023"]
[Site "Chess.com"]
[Date "2023.09.26"]
[Round "8"]
[White "Msb2"]
[Black "artin10862"]
[Result "1-0"]
[WhiteElo "3088"]
[BlackElo "2891"]
[TimeControl "180+1"]
[EndTime "9:28:40 PDT"]
[Termination "Msb2 won by resignation"]

1. d4 Nf6 2. c4 e6 3. Nc3 Bb4 4. e3 O-O 5. Bd2 d6 6. Bd3 b6 7.
Nge2 Bb7 8. O-O Nbd7 9. a3 Bxc3 10. Nxc3 e5 11. d5 c6 12. dxc6 Bxc6 13. b4 Qe7 14. Qb3 Rfd8 15. Rfd1 Rac8 16. Rac1 Nf8 17. Bf5 Ne6 18. Nd5 Bxd5 19. cxd5 Rxc1 20. Rxc1 Nc7 21. e4 g6 22. Bh3 Nxe4 23. Be1 f5 24. f3 Ng5 25. f4 Nxh3+ 26. Qxh3 Nxd5 27. Bh4 Nf6 28. Bxf6 Qxf6 29. Rc7 h5 30. Qb3+ d5 31. Qc3 Qd6 32. Rc6 Qe7 33. Rxg6+ Kf7 34. Qg3 Qf8 35. Qg5 Ke8 36.
Rf6 Qe7 37. Qg6+ Kd7 38. Rf7 d4 39. Qxf5+ Ke8 40. Rxe7+ Kxe7 41. Qxe5+ 1-0

[Event "Early-Titled-Tuesday-Blitz-September-26-2023"]
[Site "Chess.com"]
[Date "2023.09.26"]
[Round "8"]
[White "carokannlover213"]
[Black "attack2mateU"]
[Result "1-0"]
[WhiteElo "2713"]
[BlackElo "2736"]
[TimeControl "180+1"]
[EndTime "9:28:40 PDT"]
[Termination "carokannlover213 won by resignation"]

1. e4 c5 2. Nf3 d6 3. d4 cxd4 4. Nxd4 Nf6 5. Nc3 a6 6. Be2 e5 7. Nb3 Be7 8. Be3 Be6 9. Nd5 Nbd7 10. Qd3 Bxd5 11. exd5 Rc8 12. c4 O-O 13. g4 e4 14.
Qd4 Ne5 15. g5 Nfg4 16. Bxg4 Nxg4 17. h4 Ne5 18. Nd2 Rxc4 19. Qa7 Qc8 20. Nxc4 Qxc4 21. f4 exf3 22. Rh2 Re8 23. Qd4 f2+ 24. Rxf2 Nd3+ 25.
Kd2 Qxd4 26. Bxd4 Nxf2 27. Bxf2 Rc8 28. Re1 Kf8 29. Bd4 f6 30. gxf6 gxf6 31. Kd3 Kf7 32. h5 Rg8 33. Rc1 Rg5 34. Rc7 Rxd5 35. Rxb7 Rxh5 36.
a4 Ke6 37. b4 Rh3+ 38. Kc2 h5 39. a5 h4 40. b5 axb5 41. a6 Ra3 42. a7 h3 43. Rb8 h2 44. Rh8 Kd5 45. Bf2 Kc4 46.
Rh4+ Kd5 47. Rxh2 Kc6 48. Rh8 d5 1-0

[Event "Early-Titled-Tuesday-Blitz-September-26-2023"]
[Site "Chess.com"]
[Date "2023.09.26"]
[Round "8"]
[White "Francisco_Ferrari"]
[Black "hsd2016"]
[Result "1-0"]
[WhiteElo "2402"]
[BlackElo "2283"]
[TimeControl "180+1"]
[EndTime "9:28:40 PDT"]
[Termination "Francisco_Ferrari won by resignation"]

1. e4 e5 2. f4 exf4 3. Nf3 g5 4. Bc4 g4 5. O-O gxf3 6. Qxf3 Qf6 7. e5 Qxe5 8. Bxf7+ Kxf7 9. d4 Qxd4+ 10. Be3 Qxe3+ 11.
Qxe3 Bd6 12. Nc3 Nf6 13. Qd3 Nc6 14. Ne4 Nxe4 15. Qxe4 Rf8 16. Qxh7+ Kf6 17. Qh6+ Kf7 18. Rae1 b6 19. Rxf4+ Bxf4 20. Qxf4+ Kg7 21. Qg5+ Kf7 22. Rf1+ Ke8 23. Qg6+ Ke7 24. Qg7+ Kd6 25. Qxf8+ Kd5 26. Rd1+ Ke4 27. Re1+ Kd5 28. Re8 Bb7 29. Rxa8 Bxa8 30.
Qxa8 Kd6 31. h4 1-0

[Event "Early-Titled-Tuesday-Blitz-September-26-2023"]
[Site "Chess.com"]
[Date "2023.09.26"]
[Round "8"]
[White "Balla_Tamas"]
[Black "Aswathchess"]
[Result "0-1"]
[WhiteElo "2416"]
[BlackElo "2586"]
[TimeControl "180+1"]
[EndTime "9:28:41 PDT"]
[Termination "Aswathchess won by resignation"]

1. e4 g6 2. d4 Bg7 3. Nc3 d6 4.
f4 a6 5. Nf3 b5 6. a4 b4 7. Nd5 a5 8. c3 Bb7 9. cxb4 e6 10. Ne3 axb4 11. Bd3 Ne7 12. O-O Nbc6 13. d5 exd5 14. exd5 Na7 15. Qb3 O-O 16. Bd2 Rb8 17. Rac1 Nac8 18. Bc4 Nb6 19. a5 Nxc4 20. Qxc4 c5 21.
dxc6 Bxc6 22. Nd4 Be4 23. a6 Qb6 24. Nb3 d5 25. Qc7 Qxa6 26. Qxe7 Qd3 27. Ng4 Qxb3 28.
Nf6+ Kh8 29. Nxe4 dxe4 30. Qxe4 Qxb2 31. Be3 Rfe8 32. Qf3 Rxe3 33. Qg4 Bd4 34. Rc8+ Rxc8 35. Qxc8+ Kg7 36. Kh1 Qe2 37. Qc1 b3 38. f5 b2 39.
Qb1 Rc3 40. fxg6 Qxf1+ 41. Qxf1 Rc1 0-1

[Event "Early-Titled-Tuesday-Blitz-September-26-2023"]
[Site "Chess.com"]
[Date "2023.09.26"]
[Round "8"]
[White "HrvojeZagreb"]
[Black "FlemingA"]
[Result "0-1"]
[WhiteElo "2285"]
[BlackElo "2430"]
[TimeControl "180+1"]
[EndTime "9:28:41 PDT"]
[Termination "FlemingA won by resignation"]

1. f4 h5 2. e4 d5 3. d3 dxe4 4. dxe4 Qxd1+ 5. Kxd1 e5 6. g3 Nf6 7. Nc3 Bb4 8. Nd5 Nxd5 9. exd5 Bd6 10. Bb5+ c6 11.
Ba4 O-O 12. fxe5 Bxe5 13. Nf3 Bg4 14. Ke2 cxd5 15. h3 Bxf3+ 16. Kxf3 Nc6 17. c3 d4 18. Re1 Bf6 19. cxd4 Nxd4+ 20. Kg2 b5 21. Bd1 Rac8 22. Re4 g6 23. Bh6 Rfd8 24. Rc1 Rxc1 25.
Bxc1 Nf5 26. Bb3 Kg7 27. g4 hxg4 28. hxg4 Nd4 29. Bd1 Ne6 30. Be3 Rxd1 31. g5 Nxg5 32.
Bxa7 Nxe4 0-1

[Event "Early-Titled-Tuesday-Blitz-September-26-2023"]
[Site "Chess.com"]
[Date "2023.09.26"]
[Round "8"]
[White "Arek_pacitan"]
[Black "Bauman_Guy"]
[Result "0-1"]
[WhiteElo "2679"]
[BlackElo "2886"]
[TimeControl "180+1"]
[EndTime "9:28:42 PDT"]
[Termination "Bauman_Guy won on time"]

1. e4 c5 2. Nf3 d6 3. d4 Nf6 4. Nc3 cxd4 5. Nxd4 a6 6. Bg5 Nbd7 7. f4 Qa5 8. Nb3 Qc7 9. Qf3 h6 10. Bh4 e5 11. f5 b5 12. O-O-O Bb7 13. Bd3 Be7 14.
Kb1 b4 15. Ne2 a5 16. Ng3 a4 17. Nc1 a3 18. Bxf6 Nxf6 19. Nh5 O-O 20. h4 d5 21.
Nxf6+ Bxf6 22. g4 axb2 23. Nb3 Qc3 24. Be2 dxe4 25. Qxc3 bxc3 26. Rh3 Rfc8 27. Rg1 Bd8 28. g5 Bb6 29. Rgg3 hxg5 30. hxg5 Bd4 31. g6 Bd5 32. f6 Bxb3 33. gxf7+ Kxf7 34. Bh5+ Ke6 35. Bg4+ Kd6 0-1

[Event "Early-Titled-Tuesday-Blitz-September-26-2023"]
[Site "Chess.com"]
[Date "2023.09.26"]
[Round "8"]
[White "KorolDimitriy75"]
[Black "FoxOnTheRun97"]
[Result "0-1"]
[WhiteElo "2401"]
[BlackElo "2552"]
[TimeControl "180+1"]
[EndTime "9:28:43 PDT"]
[Termination "FoxOnTheRun97 won on time"]

1. d4 Nf6 2. c4 e6 3. Nc3 Bb4 4. Qc2 O-O 5. e4 d5 6. cxd5 exd5 7. e5 Ne4 8. Bd3 Bxc3+ 9. bxc3 f5 10. Ne2 c5 11.
O-O Nc6 12. f3 Ng5 13. Bxg5 Qxg5 14. f4 Qd8 15. Qd2 Be6 16. h3 Qb6 17. Rab1 Qa5 18. Rb5 Qa3 19. Rxb7 Rab8 20. Rfb1 c4 21. Rxb8 Nxb8 22.
Bc2 Qxa2 23. Qc1 Qa6 24. Qb2 Nc6 25. Ra1 Qb6 26. Qxb6 axb6 27. Ra6 Rb8 28. Kf2 g6 29. Ke3 Bc8 30. Ra1 b5 31. Rb1 Kf7 32. Kd2 Ke7 33.
Bd1 b4 34. cxb4 Nxb4 35. Nc3 Be6 36. g4 Nc6 37. Rxb8 Nxb8 38. Bf3 Nc6 39. gxf5 Nxd4 40. Bxd5 gxf5 0-1

[Event "Early-Titled-Tuesday-Blitz-September-26-2023"]
[Site "Chess.com"]
[Date "2023.09.26"]
[Round "8"]
[White "Botvinnak"]
[Black "Gyulamiryan-koryun"]
[Result "1-0"]
[WhiteElo "2315"]
[BlackElo "2003"]
[TimeControl "180+1"]
[EndTime "9:28:43 PDT"]
[Termination "Botvinnak won by checkmate"]

1. Nf3 Nf6 2. g3 g6 3. Bg2 Bg7 4. O-O O-O 5. d3 c6 6. Nbd2 d5 7. Re1 Nbd7 8. e4 dxe4 9. dxe4 e5 10. Nc4 Qc7 11. c3 b5 12. Ncd2 Nc5 13. Qc2 Rd8 14.
Nf1 a5 15. Bg5 h6 16. Bxf6 Bxf6 17. Rad1 Be6 18. Ne3 Bxa2 19. Rxd8+ Rxd8 20. b4 Bb3 21. Qb1 axb4 22. cxb4 Nd3 23. Qxb3 Nxe1 24. Nxe1 Qd6 25. Bf1 Qd4 26. Ng4 Bg7 27. Bg2 h5 28. Ne3 Bf8 29.
N1c2 Qd2 30. Bf3 Rd3 31. Qb1 Qc3 32. Kg2 Rd2 33. Qa2 Kg7 34. h3 f6 35. g4 h4 36. g5 Be7 37. gxf6+ Bxf6 38. Qa7+ Kh6 39. Ne1 Qd4 40. Qf7 Qxe3 41. Nd3 Qg5+ 42. Bg4 Rxd3 43. Qe8 Bg7 44. Qxc6 Rd2 45. Kg1 Qf4 46. Qb6 Bf8 47. Bf5 Qg5+ 48. Bg4 Bxb4 49. Qxb5 Rb2 50. Qe8 Rb1+ 51. Kg2 Ba3 52. Qh8# 1-0

[Event "Early-Titled-Tuesday-Blitz-September-26-2023"]
[Site "Chess.com"]
[Date "2023.09.26"]
[Round "8"]
[White "wqws"]
[Black "HajiyevKanan"]
[Result "1-0"]
[WhiteElo "2664"]
[BlackElo "2487"]
[TimeControl "180+1"]
[EndTime "9:28:46 PDT"]
[Termination "wqws won by checkmate"]

1. e3 c5 2. Nf3 d5 3. b3 Nc6 4. Bb2 Nf6 5. Bb5 Bd7 6. O-O e6 7. d4 cxd4 8. exd4 Bd6 9. a3 O-O 10. Bd3 Ne7 11. c4 Ng6 12. Re1 b6 13. Nbd2 Qc7 14.
Rc1 Qb7 15. c5 Bf4 16. Rc2 Rac8 17. b4 a5 18. Qe2 Bxd2 19. Qxd2 Ba4 20. Rcc1 Ne4 21.
Qe2 Nf4 22. Qf1 Nxd3 23. Qxd3 bxc5 24. dxc5 axb4 25. Qd4 f6 26. Qxb4 Qc6 27. Nd4 Qe8 28. c6 Bxc6 29. f3 Ng5 30. h4 Nh3+ 31. gxh3 Bd7 32.
Rxc8 Qg6+ 33. Kh1 Rxc8 34. Rg1 Qf7 35. Bc1 e5 36. Bh6 g6 37. Ne2 Bxh3 38. Qd6 d4 39.
Rc1 Rxc1+ 40. Nxc1 Bd7 41. Nd3 Qe6 42. Qf8# 1-0

[Event "Early-Titled-Tuesday-Blitz-September-26-2023"]
[Site "Chess.com"]
[Date "2023.09.26"]
[Round "8"]
[White "Iskusnyh"]
[Black "Aradhya2000"]
[Result "1-0"]
[WhiteElo "2605"]
[BlackElo "2691"]
[TimeControl "180+1"]
[EndTime "9:28:47 PDT"]
[Termination "Iskusnyh won by resignation"]

1. d4 d5 2. c4 c6 3. Nf3 Nf6 4.
e3 Bf5 5. Nc3 e6 6. Nh4 Bg6 7.
Nxg6 hxg6 8. Bd2 Nbd7 9. Qc2 Qc7 10. h3 Be7 11. O-O-O a5 12. Kb1 dxc4 13. Bxc4 b5 14. Bd3 b4 15. Ne4 c5 16. dxc5 Nxc5 17. Bb5+ Kf8 18.
Nxc5 Qxc5 19. Qxc5 Bxc5 20. Rc1 Ne4 21. Be1 Rc8 22. f3 Nd6 23. Ba6 Rc6 24. Be2 Ke7 25. e4 Rhc8 26. Bd2 Bd4 27. Rxc6 Rxc6 28. Rc1 Rxc1+ 29.
Kxc1 Kd7 30. Kc2 Kc6 31. a3 bxa3 32. bxa3 Kb6 33. h4 Bc5 34. g4 Bxa3 35. h5 gxh5 36.
gxh5 Bb4 37. Be3+ Bc5 38. Bf4 Ne8 39. Be5 Bd6 40. Bd4+ Bc5 41. Bc3 f6 42. Bc4 e5 43.
Kb3 Nd6 44. Be6 Bb4 45. Bxb4 axb4 46. Kxb4 Nb7 47. Kc4 Kc7 48. Kd5 Nd6 49. Bg4 Nb5 50. Ke6 Nd4+ 51. Kf7 Kd6 52. Kxg7 Ke7 53. h6 Ne6+ 54.
Bxe6 Kxe6 1-0

[Event "Early-Titled-Tuesday-Blitz-September-26-2023"]
[Site "Chess.com"]
[Date "2023.09.26"]
[Round "8"]
[White "ARMQUEEN"]
[Black "viktorskliarov"]
[Result "0-1"]
[WhiteElo "2447"]
[BlackElo "2651"]
[TimeControl "180+1"]
[EndTime "9:28:48 PDT"]
[Termination "viktorskliarov won by resignation"]

1. e4 c5 2. Nc3 Nc6 3. Bb5 Nd4 4. Bc4 g6 5. Nf3 Bg7 6. Nxd4 cxd4 7. Qf3 Nh6 8. d3 O-O 9. Ne2 Ng4 10. Bb3 d6 11.
Qg3 Nf6 12. f4 a5 13. a4 Bd7 14. Qf2 Ng4 15. Qf3 Rc8 16. O-O Qb6 17. f5 gxf5 18.
exf5 Ne3 19. Bxe3 dxe3 20. Qg3 Kh8 21. Rf3 Bc6 22. Rxe3 Bxb2 23. Rf1 Rg8 24. Rf3 Rxg3 25. Rxg3 Rg8 26. Kf1 Rxg3 27. Rxg3 Be5 28. Rg4 d5 29. d4 Bf6 30. Nc3 e6 31. fxe6 fxe6 32. Ne2 h5 33. Rg3 Qc7 34. Rh3 Kg7 35. Rxh5 Be8 36. Rh3 Bg6 37. Rg3 Kf7 38. Rc3 Qxh2 39. Ng1 Be4 0-1